 Dungeon Crawl Stone Soup version 0.28-a0-465-ge2dae52223 (webtiles) character file.

Game seed: 6011758052855498556

1 Teletubby the Grave Robber (level 1, 0/14 HPs)
             Began as a Ghoul Necromancer on Sept 10, 2021.
             Constricted to death by a ball python (1 damage)
             ... on level 1 of the Dungeon on Sept 14, 2021.
             The game lasted 00:03:12 (136 turns).

Teletubby the Grave Robber (Ghoul Necromancer)       Turns: 136, Time: 00:03:12

Health: 0/14       AC:  2    Str: 11    XL:     1   Next: 20%
Magic:  2/2        EV:  9    Int: 10    God:
Gold:   31         SH:  0    Dex:  9    Spells: 2/3 levels left

rFire   . . .      SeeInvis .   (no weapon)
rCold   + . .      Faith    .   (no shield)
rNeg    + + +      Spirit   .   a - +0 robe
rPois   ∞          Reflect  .   (no helmet)
rElec   .          Harm     .   (no cloak)
rCorr   .          Rampage  .   (no gloves)
Will    .....                   (no boots)
Stlth   ++........              (no amulet)
HPRegen 0.00/turn               (no ring)
MPRegen 0.08/turn               (no ring)

@: inhibited regen, constricted
A: claws 1, cold resistance 1, negative energy resistance 3, inhibited
regeneration, torment resistance 2
a: no special abilities


You were on level 1 of the Dungeon.
You visited 1 branch of the dungeon, and saw 1 of its levels.

You collected 31 gold pieces.

Inventory:

Armour
 a - a +0 robe (worn)
Potions
 b - 2 potions of curing {unknown}


   Skills:
 + Level 1.9 Dodging
 + Level 2.1 Stealth
 + Level 1.7 Spellcasting
 + Level 4.0 Necromancy


You had 2 spell levels left.
You knew the following spells:

 Your Spells              Type           Power      Damage    Failure   Level
a - Pain                  Necr           32%        1d5       6%          1

Your spell library contained the following spells:

 Spells                   Type           Power      Damage    Failure   Level
 Animate Skeleton         Necr           16%        N/A       6%          1
 Vampiric Draining        Necr           4%         2d6       19%         3
 Animate Dead             Necr           4%         N/A       52%         4
 Agony                    Necr           8%         N/A       86%         5


Dungeon Overview and Level Annotations

Branches:
Dungeon (1/15)

Altars:


Innate Abilities, Weirdness & Mutations

You thrive by killing the living.
You are immune to poison.
You have sharp fingernails.
Your flesh is cold resistant. (rC+)
You are immune to negative energy. (rN+++)
You do not regenerate when monsters are visible.
You are immune to unholy pain and torment.


Message History

The bat completely misses you. The ball python bites you.
The ball python constricts you.
You scratch the ball python.
The ball python is moderately wounded.
The bat hits you but does no damage. The ball python bites you.
The ball python constricts you.
You barely miss the ball python.
The ball python is moderately wounded.
The bat hits you.
The ball python bites you but does no damage.
The ball python constricts you. The ball python barely misses you.
You barely miss the ball python.
The ball python is moderately wounded.
The ball python bites you. The ball python constricts you.
The ball python closely misses you.
You scratch the ball python.
You kill the ball python!
The bat completely misses you. The ball python completely misses you.
The ball python grabs you. The ball python constricts you.
You escape the ball python's grasp.
Found an escape hatch in the floor.
The bat closely misses you. The ball python barely misses you. x2
You see here a ball python corpse.
The ball python closely misses you. The ball python grabs you.
The ball python constricts you. The bat hits you.
* * * LOW HITPOINT WARNING * * *
You escape the ball python's grasp.
The bat closely misses you. The bat barely misses you.
The bat hits you but does no damage. The ball python bites you.
* * * LOW HITPOINT WARNING * * *
The ball python closely misses you. The bat hits you but does no damage.
The bat barely misses you. The ball python barely misses you.
The ball python closely misses you. The bat hits you.
* * * LOW HITPOINT WARNING * * *
The bat barely misses you. The ball python misses you.
The ball python closely misses you. The bat completely misses you.
The ball python completely misses you. The ball python grabs you.
The ball python constricts you.
You die...

#####.##.#
.........#.....#
.........#.....#
.........#.....#
.........#.....#
#........#.[...####
#........#........#
#........#........######
#######.>......b@.......
#.........S..######
#..[†.....####
#.........# #.........#
#.........# #.........#
#.........# #.........#


You could see a bat and a ball python.

Vanquished Creatures
  A ball python (D:1)
1 creature vanquished.

Notes
Turn   | Place    | Note
-------+----------+-------------------------------------------
     0 | D:1      | Teletubby the Ghoul Necromancer began the quest for the
                  | Orb.
     0 | D:1      | Reached XP level 1. HP: 14/14 MP: 2/2
     3 | D:1      | Noticed an electric eel
     8 | D:1      | Noticed an electric eel
    56 | D:1      | Upgraded the game from 0.28-a0-429-g1448048969 to
                  | 0.28-a0-465-ge2dae52223
   136 | D:1      | Constricted to death by a ball python

Illustrated notes

Levels and vault maps discovered:
D:1:      arrival_aquarium_b, layout_basic, basic_ecumenical_altar,
          nrook_loot_triangle

Action                   || total
-------------------------++-------
Melee: Unarmed           ||     7
Armor: Robe              ||     5
Dodge: Dodged            ||    25

Table legend: (Time is in decaauts)
 A = Elapsed time spent in this place.
 B = Non-inter-level travel time spent in this place.
 C = Inter-level travel time spent in this place.
 D = Time resting spent in this place.
 E = Time spent auto-exploring this place.
 F = Levels seen in this place.
 G = Mean time per level.
                   A        B        C        D        E       F      G
               +--------+--------+--------+--------+--------+-----+--------+
         Total |    136 |     60 |     76 |      0 |      0 |   1 |  136.0 |
       Dungeon |    136 |     60 |     76 |      0 |      0 |   1 |  136.0 |
               +--------+--------+--------+--------+--------+-----+--------+

Top non-repeatable levels by time:
     D:1: 136 daAuts
